[Event "Titled Tuesday Blitz August 02 Early 2022"]
[White "Abdrlauf, Elham"]
[Black "Devaev, Alexander"]
[WhiteFideId "1533533"]
[BlackFideId "4169395"]
[WhiteElo "2429"]
[BlackElo "2185"]
[Result "1-0"]
[Round "01"]
[TimeControl "180+1"]
[Date "2022.08.02"]
[WhiteClock "0:00:39"]
[BlackClock "0:00:11"]

1. e4 c6 2. d4 d5 3. Nc3 dxe4 4. Nxe4 Bf5 5. Ng3 Bg6 6. h4 h6 7. Nf3 Nd7 8. h5 Bh7 9. Bd3 Bxd3 10. Qxd3 Qc7 11. Bd2 e6 12. O-O-O Ngf6 13. Qe2 O-O-O 14. Ne5 Nb6 15. Be3 Nbd5 16. Kb1 c5 17. Nf3 Bd6 18. dxc5 Bxg3 19. fxg3 Qxg3 20. c6 Nxe3 21. Qxe3 bxc6 22. Qxa7 Qc7 23. Qa8+ Qb8 24. Qxc6+ Qc7 25. Qa8+ Qb8 26. Qa4 Nxh5 27. Rd3 Rxd3 28. cxd3 Nf6 29. Rc1+ Kd8 30. Nd4 Qd6 31. Qa8+ Ke7 32. Nc6+ Kd7 33. Qb7+ Qc7 34. Nb8+ 1-0


[Site "https://www.chess.com"]

[Event "Titled Tuesday Blitz August 02 Early 2022"]
[White "Alekseenko, Kirill"]
[Black "Fonseca Manrique, Enrique"]
[WhiteFideId "4135539"]
[BlackFideId "5114330"]
[WhiteElo "2682"]
[BlackElo "2464"]
[Result "1-0"]
[Round "01"]
[TimeControl "180+1"]
[Date "2022.08.02"]
[WhiteClock "0:00:47"]
[BlackClock "0:00:26"]

1. e4 c5 2. Nf3 e6 3. d4 cxd4 4. Nxd4 Nc6 5. Nc3 Qc7 6. Be2 Nf6 7. O-O Be7 8. a3 O-O 9. Be3 d6 10. g4 a6 11. g5 Nd7 12. f4 Nxd4 13. Bxd4 e5 14. Nd5 Qd8 15. Bc3 exf4 16. h4 Ne5 17. Qd2 Be6 18. Rxf4 Rc8 19. Raf1 b5 20. Kh1 Bxd5 21. Qxd5 Qd7 22. Bg4 Nxg4 23. Rxf7 Nf6 24. R7xf6+ Kh8 25. Rxf8+ Rxf8 26. Rxf8+ Bxf8 27. Qf5 Qe8 28. Kg2 Kg8 29. Qd5+ Kh8 30. Bd4 Be7 31. Qe6 Qf8 32. b3 Bd8 33. Qf5 Qe7 34. c4 Kg8 35. cxb5 axb5 36. Qd5+ Kf8 37. a4 bxa4 38. bxa4 h6 39. Qf5+ Ke8 40. Qg6+ Kf8 41. gxh6 gxh6 42. Qxh6+ Ke8 43. Qg6+ Kd7 44. h5 Qh4 45. Qf5+ Ke8 46. Bf2 Qe7 47. h6 1-0


[Site "https://www.chess.com"]

[Event "Titled Tuesday Blitz August 02 Early 2022"]
[White "Bethke, Richard"]
[Black "Ohanyan, Emin"]
[WhiteFideId "12959243"]
[BlackFideId "13312022"]
[WhiteElo "2478"]
[BlackElo "1927"]
[Result "0-1"]
[Round "01"]
[TimeControl "180+1"]
[Date "2022.08.02"]
[WhiteClock "0:00:21"]
[BlackClock "0:01:10"]

1. e4 e5 2. Nf3 Nc6 3. Bc4 Nf6 4. d3 d5 5. exd5 Nxd5 6. O-O Bc5 7. Nxe5 Nxe5 8. Re1 Be6 9. Rxe5 Bxf2+ 10. Kf1 Bd4 11. Re4 Qf6+ 12. Qf3 Bxb2 13. Bxb2 Qxb2 14. Bxd5 Qxa1 15. Bxe6 O-O 16. Bb3 Qxb1+ 17. Re1 Qb2 18. Qxb7 Qf6+ 19. Kg1 Rae8 20. Rf1 Qd4+ 21. Kh1 Qf2 22. Qf3 Qxf3 23. gxf3 Re2 24. f4 Rfe8 25. f5 Kf8 26. Rf4 Rd2 27. Re4 Rxe4 28. dxe4 f6 29. Kg1 Ke7 30. c3 Kd6 31. Bd5 Ke5 32. a4 Kf4 33. Kf1 Rxh2 34. c4 Rd2 35. Ke1 Rd4 0-1


[Site "https://www.chess.com"]

[Event "Titled Tuesday Blitz August 02 Early 2022"]
[White "Boros, Denes"]
[Black "Myshakov, Fyodor"]
[WhiteFideId "722340"]
[BlackFideId "14111284"]
[WhiteElo "2464"]
[BlackElo "2310"]
[Result "1-0"]
[Round "01"]
[TimeControl "180+1"]
[Date "2022.08.02"]
[WhiteClock "0:00:24"]
[BlackClock "0:00:00"]

1. e4 c6 2. Nc3 d5 3. exd5 cxd5 4. d4 Nf6 5. Bf4 a6 6. Nf3 Nc6 7. Ne5 g6 8. Qd2 Bg7 9. Be2 O-O 10. O-O Bf5 11. Nxc6 bxc6 12. Bf3 Ne4 13. Bxe4 Bxe4 14. Nxe4 dxe4 15. Rad1 Qd5 16. b3 Rfd8 17. Qe2 Qf5 18. Be3 a5 19. Rfe1 a4 20. Qc4 Qb5 21. c3 Qxc4 22. bxc4 f5 23. Rb1 Rab8 24. Bf4 Rxb1 25. Rxb1 c5 26. dxc5 e5 27. Bg5 Rc8 28. Be7 Bf8 29. Bd6 Kf7 30. Rb7+ Ke8 31. Bxe5 h6 32. Rb6 Rxc5 33. Bd4 Rxc4 34. Rxg6 Kd7 35. h4 Bc5 36. Rxh6 Bxd4 37. cxd4 Rxd4 38. Ra6 Rd1+ 39. Kh2 Rd2 40. Kg3 Rxa2 41. h5 Ke7 42. Ra7+ Kf6 43. h6 Ra1 44. Kh2 1-0


[Site "https://www.chess.com"]

[Event "Titled Tuesday Blitz August 02 Early 2022"]
[White "Bortnyk, Olexandr"]
[Black "Gaisinsky, Adam"]
[WhiteFideId "14120828"]
[BlackFideId "2620561"]
[WhiteElo "2723"]
[BlackElo "1965"]
[Result "1-0"]
[Round "01"]
[TimeControl "180+1"]
[Date "2022.08.02"]
[WhiteClock "0:00:47"]
[BlackClock "0:00:03"]

1. d4 Nf6 2. Nc3 d5 3. Bf4 e6 4. Nb5 Na6 5. e3 Be7 6. Nf3 O-O 7. Ne5 c6 8. Nc3 c5 9. Bxa6 bxa6 10. Nc6 Qe8 11. Nxe7+ Qxe7 12. O-O a5 13. Qf3 Bb7 14. Bg5 cxd4 15. exd4 h6 16. Bxf6 Qxf6 17. Qxf6 gxf6 18. Na4 Ba6 19. Rfe1 Rab8 20. Nc5 Bb5 21. a4 Bc6 22. b3 Kh7 23. Re3 Rb4 24. c3 Rbb8 25. f4 f5 26. Kf2 Rg8 27. Rae1 Rg4 28. g3 h5 29. Nd3 Rg7 30. Nc5 Rbg8 31. h4 Rb8 32. Rb1 Rgg8 33. b4 Rb6 34. b5 Be8 35. Re2 Kg7 36. Reb2 Kf6 37. Nb3 a6 38. Nxa5 axb5 39. axb5 Bd7 40. c4 dxc4 41. Nxc4 Rb7 42. b6 Bc6 43. Na5 1-0


[Site "https://www.chess.com"]

[Event "Titled Tuesday Blitz August 02 Early 2022"]
[White "Chen, Justin"]
[Black "Andreikin, Dmitry"]
[WhiteFideId "2098199"]
[BlackFideId "4158814"]
[WhiteElo "2289"]
[BlackElo "2736"]
[Result "0-1"]
[Round "01"]
[TimeControl "180+1"]
[Date "2022.08.02"]
[WhiteClock "0:00:03"]
[BlackClock "0:02:09"]

1. e4 c5 2. Nc3 e6 3. Nge2 a6 4. g3 b5 5. Bg2 Bb7 6. O-O b4 7. Nb1 Nf6 8. d3 d5 9. Nd2 Nc6 10. a3 a5 11. exd5 exd5 12. Nf4 Be7 13. axb4 axb4 14. Rxa8 Bxa8 15. Nf3 O-O 16. Re1 Re8 17. Ne5 Nxe5 18. Rxe5 Bd6 19. Rxe8+ Qxe8 20. c4 bxc3 21. bxc3 h6 22. c4 d4 23. Bd2 Bxg2 24. Kxg2 g5 25. Nd5 Nxd5 26. cxd5 Qe5 27. Qf3 f5 28. h3 Kg7 29. Ba5 Kg6 30. Kf1 h5 31. Bd8 g4 32. hxg4 fxg4 33. Qh1 Qf5 34. Ke2 c4 35. dxc4 Qc2+ 36. Kf1 Qxc4+ 37. Kg1 Qc1+ 38. Kh2 Qxh1+ 39. Kxh1 Kf5 40. Kg2 Ke4 41. Ba5 d3 42. Bd2 Kxd5 43. f3 Bc5 44. f4 Ke4 45. Bc3 Be3 46. Kf1 Kf3 47. f5 d2 48. Bxd2 Bxd2 49. f6 Kxg3 0-1


[Site "https://www.chess.com"]

[Event "Titled Tuesday Blitz August 02 Early 2022"]
[White "Chigaev, Maksim"]
[Black "Ianov, Viktor"]
[WhiteFideId "4108116"]
[BlackFideId "14102730"]
[WhiteElo "2438"]
[BlackElo "2152"]
[Result "1-0"]
[Round "01"]
[TimeControl "180+1"]
[Date "2022.08.02"]
[WhiteClock "0:00:11"]
[BlackClock "0:00:49"]

1. e4 d6 2. d4 Nf6 3. Nc3 c6 4. f4 Qb6 5. a3 Bg4 6. Be2 Bxe2 7. Ngxe2 e5 8. O-O Nbd7 9. Kh1 Be7 10. dxe5 dxe5 11. Ng3 g6 12. f5 O-O 13. Qf3 a5 14. Bh6 Rfd8 15. fxg6 hxg6 16. Nf5 Bf8 17. Qg3 Bxh6 18. Nxh6+ Kf8 19. b3 Qc5 20. Rf3 Re8 21. Raf1 Re6 22. Qh4 Qe7 23. Ng4 Kg7 24. Qh6+ Kg8 25. Rh3 Nh5 26. Ne2 Ndf6 27. Nxf6+ Rxf6 28. Rxf6 Qxf6 29. Rxh5 Qf1+ 30. Ng1 gxh5 31. Qg5+ Kf8 32. Qxe5 Re8 33. Qh8+ Ke7 34. Qxh5 Rd8 35. Qe5+ Kd7 36. h3 Rg8 37. Qd4+ Kc8 38. Qd2 Rd8 39. Qxa5 Rd1 40. Qa8+ Kc7 41. Qa5+ b6 42. Qa7+ Kd6 43. Qxb6 Qe1 44. Kh2 Qxe4 45. Qd8+ Ke6 46. Qxd1 Qf4+ 47. Kh1 1-0


[Site "https://www.chess.com"]

[Event "Titled Tuesday Blitz August 02 Early 2022"]
[White "Demchenko, Anton"]
[Black "Manukyan, Sargis A."]
[WhiteFideId "4160258"]
[BlackFideId "13303970"]
[WhiteElo "2539"]
[BlackElo "2187"]
[Result "1-0"]
[Round "01"]
[TimeControl "180+1"]
[Date "2022.08.02"]
[WhiteClock "0:00:57"]
[BlackClock "0:00:03"]

1. e4 c5 2. Nf3 d6 3. d4 cxd4 4. Nxd4 Nf6 5. Nc3 g6 6. Be3 Bg7 7. f3 O-O 8. Qd2 Nc6 9. Bc4 Bd7 10. O-O-O Rc8 11. Be2 a6 12. Kb1 Nxd4 13. Bxd4 b5 14. g4 b4 15. Nd5 Nxd5 16. exd5 Bxd4 17. Qxd4 a5 18. h4 Qc7 19. Bd3 Qc5 20. Qf4 Bb5 21. Be4 e5 22. dxe6 fxe6 23. Qxd6 Qc4 24. Rd4 Qc5 25. Qxe6+ Kh8 26. Rd5 Qc7 27. Rxb5 Rxf3 28. Rb7 1-0


[Site "https://www.chess.com"]

[Event "Titled Tuesday Blitz August 02 Early 2022"]
[White "Derjabin, Ilja"]
[Black "Makarian, Rudik"]
[WhiteFideId "14104768"]
[BlackFideId "44105681"]
[WhiteElo "2341"]
[BlackElo "2403"]
[Result "0-1"]
[Round "01"]
[TimeControl "180+1"]
[Date "2022.08.02"]
[WhiteClock "0:00:04"]
[BlackClock "0:01:16"]

1. d4 Nf6 2. c4 c5 3. d5 g6 4. Nc3 Bg7 5. e4 d6 6. Nge2 O-O 7. Ng3 Na6 8. Be2 Nc7 9. O-O e5 10. a4 h5 11. Bg5 Qe8 12. Nb5 Qd7 13. Bxf6 Bxf6 14. Bxh5 Nxb5 15. axb5 gxh5 16. Nxh5 Bh8 17. Ra3 f5 18. Rg3+ Kf7 19. f4 Ke8 20. exf5 Qxf5 21. Rg5 Qe4 22. fxe5 Qe3+ 23. Kh1 Rxf1+ 24. Qxf1 Qxg5 25. e6 Qxh5 26. g4 Qg6 27. Qf3 Bd4 28. h4 Qb1+ 29. Kg2 Qxb2+ 30. Kh3 Qc3 31. Qxc3 Bxc3 32. g5 a5 33. Kg4 a4 0-1


[Site "https://www.chess.com"]

[Event "Titled Tuesday Blitz August 02 Early 2022"]
[White "Drygalov, Sergey"]
[Black "Shvedova, Alexandra"]
[WhiteFideId "24171743"]
[BlackFideId "54154782"]
[WhiteElo "2523"]
[BlackElo "1896"]
[Result "0-1"]
[Round "01"]
[TimeControl "180+1"]
[Date "2022.08.02"]
[WhiteClock "0:00:06"]
[BlackClock "0:00:07"]

1. d4 Nf6 2. Nf3 d5 3. c4 e6 4. Nc3 dxc4 5. e4 b5 6. e5 Nd5 7. Nxb5 Nb6 8. Be2 Nc6 9. Be3 Bb7 10. a3 Qd7 11. Qc2 Nb4 12. axb4 Qxb5 13. O-O Qxb4 14. Ng5 h6 15. Ne4 a5 16. Nc5 Bd5 17. f4 Be7 18. f5 exf5 19. Rxf5 Nd7 20. Nxd7 Kxd7 21. Raf1 Qb3 22. Qc1 Rab8 23. Bf3 Be6 24. Rf4 c6 25. Qe1 Bg5 26. Re4 Bxe3+ 27. Rxe3 Qxb2 28. Kh1 a4 29. Qa5 Qb5 30. Qc3 Rhe8 31. Bh5 Re7 32. Ref3 Rf8 33. Qa3 Qb3 34. Qc5 Qb7 35. d5 cxd5 36. Qa5 Qc7 37. Rb1 Qxa5 0-1


[Site "https://www.chess.com"]

[Event "Titled Tuesday Blitz August 02 Early 2022"]
[White "Dushyant Sharma"]
[Black "Sarana, Alexey"]
[WhiteFideId "25065130"]
[BlackFideId "24133795"]
[WhiteElo "2105"]
[BlackElo "2666"]
[Result "0-1"]
[Round "01"]
[TimeControl "180+1"]
[Date "2022.08.02"]
[WhiteClock "0:00:06"]
[BlackClock "0:00:49"]

1. e4 c5 2. Nf3 d6 3. d4 cxd4 4. Nxd4 Nf6 5. Nc3 a6 6. f4 e5 7. Nf3 Qc7 8. Bd3 Nbd7 9. a4 Nc5 10. O-O Be7 11. Kh1 O-O 12. Qe1 Re8 13. Bd2 Be6 14. b4 Nxd3 15. cxd3 exf4 16. Bxf4 Rac8 17. Bd2 d5 18. e5 Bxb4 19. exf6 Bxc3 20. Rc1 Bxd2 21. Qxd2 Qd8 22. Rxc8 Bxc8 23. Nd4 gxf6 24. h3 Qd6 25. Nf5 Bxf5 26. Rxf5 Re5 27. Rf1 d4 28. Qf4 Kg7 29. Qg3+ Kf8 30. Qf4 b5 31. axb5 axb5 32. Qh6+ Ke7 33. Ra1 Qb8 34. Qf4 Qb6 35. Qg4 b4 36. Qc8 b3 37. Ra6 Qc5 38. Ra7+ Qxa7 0-1


[Site "https://www.chess.com"]

[Event "Titled Tuesday Blitz August 02 Early 2022"]
[White "Estrada Nieto, Julian"]
[Black "Harsha Bharathakoti"]
[WhiteFideId "5101018"]
[BlackFideId "5078776"]
[WhiteElo "2252"]
[BlackElo "2575"]
[Result "1-0"]
[Round "01"]
[TimeControl "180+1"]
[Date "2022.08.02"]
[WhiteClock "0:00:03"]
[BlackClock "0:00:09"]

1. e4 c6 2. d4 d5 3. exd5 cxd5 4. Bd3 Nc6 5. c3 g6 6. Nf3 Nh6 7. O-O Bf5 8. Re1 Bxd3 9. Bxh6 Bxh6 10. Qxd3 O-O 11. Nbd2 e6 12. Ne5 Ne7 13. Ndf3 Nf5 14. Ng4 Bg7 15. Ne3 Nd6 16. g3 b5 17. a4 Rb8 18. axb5 Rxb5 19. Ra2 a5 20. Rea1 Qb6 21. Kg2 Rxb2 22. Rxa5 Ne4 23. Nd1 Rb3 24. Ra8 Qc6 25. Rxf8+ Kxf8 26. Nd2 Nxd2 27. Qxd2 Bf6 28. Ra7 Kg7 29. h4 Qb6 30. Qa2 Rb1 31. Ne3 Rb2 32. Qa3 Qb5 33. Ra8 Bxh4 34. Qf8+ Kf6 35. Qd8+ Kg7 36. gxh4 Qe2 37. Qf8+ Kf6 38. Qd8+ Kg7 39. Qf8+ Kf6 40. Qh8+ Ke7 41. Qd8# 1-0


[Site "https://www.chess.com"]

[Event "Titled Tuesday Blitz August 02 Early 2022"]
[White "Fieberg, Samuel"]
[Black "Martinez Alcantara, Jose Eduardo"]
[WhiteFideId "12901717"]
[BlackFideId "3805662"]
[WhiteElo "2508"]
[BlackElo "2703"]
[Result "0-1"]
[Round "01"]
[TimeControl "180+1"]
[Date "2022.08.02"]
[WhiteClock "0:00:14"]
[BlackClock "0:00:11"]

1. e4 Nc6 2. Nf3 d6 3. d4 Nf6 4. Nc3 g6 5. Be2 Bg7 6. O-O O-O 7. h3 e5 8. dxe5 dxe5 9. Be3 Qe7 10. Qc1 Be6 11. b3 Rfd8 12. Qb2 Nd4 13. Rfd1 Nxe2+ 14. Nxe2 Nxe4 15. Nc3 Nxc3 16. Qxc3 f6 17. Bc5 Qf7 18. Qb4 b6 19. Be3 Bf8 20. Qb5 Qe8 21. Qxe8 Rxe8 22. Nd2 Be7 23. Ne4 Rad8 24. c4 f5 25. Nc3 c6 26. Rxd8 Rxd8 27. Rd1 Rxd1+ 28. Nxd1 g5 29. f3 h5 30. Kf2 Kf7 31. Ke2 Kg6 32. Nf2 c5 33. Bd2 f4 34. Bc3 Kf5 35. Ne4 Bd7 36. Kf2 g4 37. hxg4+ hxg4 38. Nd2 g3+ 39. Ke2 Bd6 40. Kd3 Ke6 41. Ke2 Bc7 42. Kd3 Bc6 43. Ke2 Bb7 44. Kd3 Kf5 45. Bb2 Bd6 46. Bc3 a6 47. a4 Bc6 48. Bb2 b5 49. axb5 axb5 50. Bc3 Be7 51. Bb2 bxc4+ 52. bxc4 Bd8 53. Bc3 Bc7 54. Bb2 Ba5 55. Ba1 Bxd2 56. Kxd2 Bxf3 57. Ke1 Bxg2 58. Bc3 f3 0-1


[Site "https://www.chess.com"]

[Event "Titled Tuesday Blitz August 02 Early 2022"]
[White "Gareyev, Timur"]
[Black "Gheorghiu, Calin"]
[WhiteFideId "14200937"]
[BlackFideId "1200305"]
[WhiteElo "2559"]
[BlackElo "2168"]
[Result "1-0"]
[Round "01"]
[TimeControl "180+1"]
[Date "2022.08.02"]
[WhiteClock "0:00:05"]
[BlackClock "0:00:03"]

1. c4 e5 2. e3 c6 3. Nf3 e4 4. Nd4 d5 5. cxd5 cxd5 6. Bb5+ Bd7 7. Qb3 Nf6 8. Nc3 a6 9. Bxd7+ Qxd7 10. Na4 Ra7 11. O-O Bd6 12. Nb6 Qg4 13. f4 Bc5 14. Nxd5 Bxd4 15. exd4 Nc6 16. Nxf6+ gxf6 17. d5 Nd4 18. Qa4+ Nb5 19. Qxe4+ Kf8 20. b3 Ra8 21. a4 Re8 22. Qb4+ Kg7 23. h3 Qg3 24. Qc4 Nd6 25. Qc3 Qh4 26. Bb2 Re2 27. g3 Qh6 28. Rae1 Rhe8 29. Rxe2 Rxe2 30. Qf3 Rxd2 31. Bc3 Rc2 32. Rf2 Rc1+ 33. Rf1 Rc2 34. g4 Qh4 35. Bd4 Rd2 36. Bf2 Qh6 37. Be3 Rd3 38. g5 fxg5 39. fxg5 Qg6 40. Qf4 Nf5 41. Qe5+ Kg8 42. Rxf5 Rxe3 43. Qxe3 Qxf5 44. d6 Qb1+ 45. Kf2 Qf5+ 46. Kg3 Qd7 47. Qd4 Qf5 48. h4 Qf1 49. d7 Qe1+ 50. Kf4 Qf1+ 51. Ke5 Qe2+ 52. Kd6 Qe6+ 53. Kc7 Qe7 54. Kc8 1-0


[Site "https://www.chess.com"]

[Event "Titled Tuesday Blitz August 02 Early 2022"]
[White "Girinath, P.D.S."]
[Black "Seo, Jung Min"]
[WhiteFideId "5000572"]
[BlackFideId "1734687"]
[WhiteElo "2369"]
[BlackElo "2414"]
[Result "0-1"]
[Round "01"]
[TimeControl "180+1"]
[Date "2022.08.02"]
[WhiteClock "0:00:04"]
[BlackClock "0:01:34"]

1. e4 c5 2. Nf3 d6 3. Bb5+ Nd7 4. d4 cxd4 5. Qxd4 a6 6. Bxd7+ Bxd7 7. c4 Bc6 8. Nc3 e6 9. O-O Nf6 10. Bg5 Be7 11. Rad1 O-O 12. Rfe1 Qa5 13. a3 Rfd8 14. Nd5 Bxd5 15. exd5 e5 16. Qh4 Rac8 17. Re3 Qa4 18. b3 Qxa3 19. Rde1 b5 20. Nxe5 dxe5 21. Rxe5 Bd6 22. Bxf6 gxf6 0-1


[Site "https://www.chess.com"]

[Event "Titled Tuesday Blitz August 02 Early 2022"]
[White "Gracia Alvarez, Gerardo Antonio"]
[Black "Shimanov, Aleksandr"]
[WhiteFideId "5109124"]
[BlackFideId "4198603"]
[WhiteElo "2139"]
[BlackElo "2605"]
[Result "0-1"]
[Round "01"]
[TimeControl "180+1"]
[Date "2022.08.02"]
[WhiteClock "0:00:16"]
[BlackClock "0:01:16"]

1. e4 d5 2. exd5 Qxd5 3. Nc3 Qe5+ 4. Be2 Bg4 5. d4 Bxe2 6. Ngxe2 Qa5 7. O-O Nf6 8. Nf4 c6 9. Re1 e6 10. Bd2 Qf5 11. Nd3 Bd6 12. Ne5 h5 13. Qf3 Qxf3 14. Nxf3 Nbd7 15. h3 O-O-O 16. Rad1 Nb6 17. Ng5 Rd7 18. Nce4 Nxe4 19. Nxe4 Be7 20. c3 Rg8 21. Kf1 Nc4 22. Bc1 b6 23. Ke2 Nd6 24. Nxd6+ Rxd6 25. g4 Rd5 26. Kf3 b5 27. Re5 hxg4+ 28. hxg4 Rh8 29. Rxd5 cxd5 30. Kg2 Kd7 31. Rh1 Rxh1 32. Kxh1 b4 33. Kg2 bxc3 34. bxc3 Kc6 35. Kf3 Kb5 36. Bf4 Kc4 0-1


[Site "https://www.chess.com"]

[Event "Titled Tuesday Blitz August 02 Early 2022"]
[White "Hakobyan, Aram"]
[Black "Luo, Terry"]
[WhiteFideId "13306677"]
[BlackFideId "30931045"]
[WhiteElo "2557"]
[BlackElo "2024"]
[Result "1-0"]
[Round "01"]
[TimeControl "180+1"]
[Date "2022.08.02"]
[WhiteClock "0:01:42"]
[BlackClock "0:02:10"]

1. e4 e5 2. Nf3 Nc6 3. Bb5 a6 4. Ba4 Nge7 5. O-O Ng6 6. c3 d6 7. d4 Bd7 8. Be3 Be7 9. Nbd2 h6 10. d5 Nb8 11. c4 Bg5 12. Nxg5 hxg5 13. c5 Qf6 14. cxd6 cxd6 15. Rc1 Bxa4 16. Qxa4+ Nd7 17. Rc7 b5 18. Qc2 Nf4 19. Re1 Ke7 20. Rxd7+ Kxd7 21. Qc6+ Ke7 22. Qb7+ 1-0


[Site "https://www.chess.com"]

[Event "Titled Tuesday Blitz August 02 Early 2022"]
[White "Hebden, Mark L"]
[Black "Steinberg, Nitzan"]
[WhiteFideId "400084"]
[BlackFideId "2801795"]
[WhiteElo "2457"]
[BlackElo "2471"]
[Result "0-1"]
[Round "01"]
[TimeControl "180+1"]
[Date "2022.08.02"]
[WhiteClock "0:00:26"]
[BlackClock "0:00:17"]

1. d4 Nf6 2. Nf3 g6 3. Bg5 Bg7 4. Nbd2 O-O 5. c3 d6 6. e4 Nbd7 7. Bc4 c6 8. Bb3 a5 9. O-O Qc7 10. Re1 e5 11. dxe5 dxe5 12. Nc4 a4 13. Bc2 b5 14. Qd6 Ne8 15. Qxc7 Nxc7 16. Nd6 Ba6 17. Rad1 Nb6 18. b3 Ne6 19. Be3 c5 20. Ng5 Nxg5 21. Bxg5 Rfb8 22. Be3 c4 23. b4 Bf8 24. f4 exf4 25. Bxf4 Rd8 26. e5 Bg7 27. h4 Rd7 28. Ne4 Bb7 29. Nf6+ Bxf6 30. exf6 Nd5 31. Be5 h5 32. Be4 Rad8 33. Bxd5 Bxd5 34. Bd4 Be6 35. Re5 Rd5 36. Rde1 Kf8 37. Kf2 Ke8 38. Kg3 R8d6 39. Kf4 Kd7 40. Kg5 Kc6 41. Kh6 Rxd4 42. cxd4 Rxd4 43. Rxe6+ fxe6 44. Rxe6+ Kd5 45. Re8 Rf4 46. Kg7 c3 47. f7 c2 48. Re1 Kc4 49. f8=Q Rxf8 50. Kxf8 Kxb4 51. Kg7 Kc3 52. Kxg6 b4 53. g4 b3 54. axb3 axb3 55. gxh5 b2 56. h6 b1=Q 57. h7 c1=Q+ 58. Kg7 Qxh7+ 59. Kxh7 Qxe1 60. h5 Qe6 61. Kg7 Qg4+ 0-1


[Site "https://www.chess.com"]

[Event "Titled Tuesday Blitz August 02 Early 2022"]
[White "Hoang, Canh Huan"]
[Black "Kozak, Adam"]
[WhiteFideId "12400599"]
[BlackFideId "753246"]
[WhiteElo "2264"]
[BlackElo "2459"]
[Result "1-0"]
[Round "01"]
[TimeControl "180+1"]
[Date "2022.08.02"]
[WhiteClock "0:00:21"]
[BlackClock "0:00:40"]

1. Nf3 d5 2. g3 Nc6 3. Bg2 e5 4. d3 h5 5. Nbd2 Be6 6. e4 Be7 7. exd5 Bxd5 8. O-O h4 9. Re1 hxg3 10. fxg3 Bd6 11. d4 Nge7 12. dxe5 Bc5+ 13. Kh1 Bf2 14. Re2 Bb6 15. Qe1 Qd7 16. c3 O-O-O 17. Ne4 Nf5 18. Bf4 Qe6 19. Neg5 Qg6 20. Rd1 Bxf3 21. Bxf3 Rxd1 22. Qxd1 Nxg3+ 23. Bxg3 Qxg5 24. Kg2 a6 25. Qb3 Qg6 26. a4 Nd8 27. Qd5 Qe6 28. Qe4 Kb8 29. b4 c6 30. h4 Bc7 31. b5 axb5 32. axb5 Re8 33. bxc6 Nxc6 34. Rb2 f5 35. Qxc6 Qxc6 36. Bxc6 Re6 37. Bxb7 Rg6 38. Be4+ Ka7 39. Bxf5 Rc6 40. Bf2+ Ka6 41. Bd4 Rxc3 42. Bxc3 1-0


[Site "https://www.chess.com"]

[Event "Titled Tuesday Blitz August 02 Early 2022"]
[White "Jeet, Jain"]
[Black "Salem, A.R. Saleh"]
[WhiteFideId "5073022"]
[BlackFideId "9301348"]
[WhiteElo "2055"]
[BlackElo "2679"]
[Result "1/2-1/2"]
[Round "01"]
[TimeControl "180+1"]
[Date "2022.08.02"]
[WhiteClock "0:00:21"]
[BlackClock "0:00:04"]

1. Nf3 d5 2. g3 c5 3. Bg2 Nf6 4. O-O e6 5. d3 Nc6 6. Nbd2 Be7 7. e4 O-O 8. e5 Nd7 9. Re1 Qc7 10. Qe2 b5 11. h4 Bb7 12. Nf1 Rfc8 13. h5 h6 14. N1h2 Qd8 15. Ng4 Kh8 16. a4 bxa4 17. Rxa4 Nb4 18. c3 Nb6 19. Ra1 Nc6 20. Bf4 Bf8 21. Qd2 Ne7 22. Nh4 Ng8 23. Qe2 a5 24. b3 Ra7 25. Ra2 a4 26. bxa4 Nxa4 27. Qc2 Rca8 28. Rea1 Bc6 29. c4 Qd7 30. cxd5 Bxd5 31. Bxd5 exd5 32. Ne3 d4 33. Nc4 Nc3 34. Rxa7 Rxa7 35. Rxa7 Qxa7 36. Qb2 Ne7 37. Nd6 Ned5 38. Bd2 Kg8 39. Nhf5 Qb6 40. Qxb6 Nxb6 41. Kf1 Nba4 42. f4 Nb2 43. Bxc3 dxc3 44. Ke2 g6 45. hxg6 fxg6 46. Ne3 Bxd6 47. exd6 Kf7 48. Nd5 c2 49. Kd2 Nxd3 50. Kxc2 Nb4+ 51. Nxb4 cxb4 52. Kb3 Ke6 53. d7 Kxd7 54. Kxb4 Ke6 55. Kc4 Kf5 56. Kd4 Kg4 57. Ke5 Kxg3 58. Kf6 Kxf4 59. Kxg6 Kg4 60. Kxh6 1/2-1/2


[Site "https://www.chess.com"]

[Event "Titled Tuesday Blitz August 02 Early 2022"]
[White "Kamsky, Gata"]
[Black "Filippova, Margarita"]
[WhiteFideId "2000024"]
[BlackFideId "34199680"]
[WhiteElo "2645"]
[BlackElo "1734"]
[Result "1-0"]
[Round "01"]
[TimeControl "180+1"]
[Date "2022.08.02"]
[WhiteClock "0:01:44"]
[BlackClock "0:01:23"]

1. d4 Nf6 2. Nf3 e6 3. Bf4 d5 4. e3 b6 5. c4 Bb7 6. Nc3 Nbd7 7. cxd5 exd5 8. Bd3 Be7 9. O-O O-O 10. a3 Ne4 11. Qc2 f5 12. Ne5 g6 13. f3 Nxc3 14. bxc3 Bf6 15. a4 Re8 16. Nxd7 Qxd7 17. a5 c5 18. axb6 axb6 19. Rxa8 Bxa8 20. Qb1 c4 21. Bc2 b5 22. Re1 Bc6 23. h3 Ra8 24. Be5 Bxe5 25. dxe5 Re8 26. f4 Qa7 27. Qb4 Qa2 28. Re2 Ra8 29. Qd6 Bb7 30. Qe6+ Kg7 31. Qe7+ Kh6 32. Qxb7 Ra3 33. Qe7 Rxc3 34. Qf8+ Kh5 35. Bd1 Qb1 36. Re1+ Kh4 37. Qh6+ Kg3 38. Qg5# 1-0


[Site "https://www.chess.com"]

[Event "Titled Tuesday Blitz August 02 Early 2022"]
[White "Kevlishvili, Robby"]
[Black "Leenhouts, Koen"]
[WhiteFideId "1040634"]
[BlackFideId "1008439"]
[WhiteElo "2577"]
[BlackElo "2409"]
[Result "1-0"]
[Round "01"]
[TimeControl "180+1"]
[Date "2022.08.02"]
[WhiteClock "0:00:11"]
[BlackClock "0:00:01"]

1. e4 c5 2. Nf3 e6 3. d4 cxd4 4. Nxd4 Nc6 5. Nc3 Qc7 6. f4 a6 7. Nxc6 bxc6 8. Bd3 d5 9. Qe2 Nf6 10. O-O Be7 11. Bd2 O-O 12. Rae1 Re8 13. Kh1 Bf8 14. e5 Nd7 15. Na4 Nc5 16. Nxc5 Bxc5 17. Rf3 g6 18. h4 Bf8 19. h5 a5 20. Rh3 Qb6 21. Qg4 Bg7 22. hxg6 hxg6 23. Qh4 Ba6 24. f5 exf5 25. Qh7+ Kf8 26. Bh6 Bxh6 27. Qxh6+ Ke7 28. Bxf5 Kd8 29. Qg5+ Kc7 30. Bd3 Bxd3 31. cxd3 Qxb2 32. Qf6 Kb6 33. d4 a4 34. Qd6 Rh8 35. Qc5+ Kc7 36. Qe7+ Kb6 37. Qc5+ Kc7 38. Kg1 Rxh3 39. gxh3 Qd2 40. Qd6+ Kb6 41. Rb1+ Ka5 42. Qc5+ Ka6 43. Qb6# 1-0


[Site "https://www.chess.com"]

[Event "Titled Tuesday Blitz August 02 Early 2022"]
[White "Kokoszczynski, Jan"]
[Black "Fedoseev, Vladimir"]
[WhiteFideId "1174460"]
[BlackFideId "24130737"]
[WhiteElo "2160"]
[BlackElo "2726"]
[Result "0-1"]
[Round "01"]
[TimeControl "180+1"]
[Date "2022.08.02"]
[WhiteClock "0:00:15"]
[BlackClock "0:00:07"]

1. Nf3 d5 2. d4 Nf6 3. c4 e6 4. g3 Be7 5. Bg2 O-O 6. O-O c6 7. b3 a5 8. Ba3 a4 9. Bxe7 Qxe7 10. Nbd2 b5 11. Ne5 Rd8 12. Qc2 Bb7 13. Rfc1 Na6 14. cxb5 cxb5 15. Qd3 Qe8 16. a3 b4 17. bxa4 Qxa4 18. axb4 Qxb4 19. Rab1 Qe7 20. Rb6 Nb8 21. Qb1 Ba6 22. e3 Nfd7 23. Nc6 Nxc6 24. Rbxc6 Rdb8 25. Qc2 Bb5 26. Rc7 Qd6 27. e4 Bc4 28. Rxc4 dxc4 29. e5 Qxd4 30. Bxa8 Rxa8 31. Nxc4 h5 32. Rd1 Ra1 33. Rxa1 Qxa1+ 34. Kg2 Nxe5 35. Nxe5 Qxe5 36. h4 Qd5+ 37. Kg1 g6 38. Qc8+ Kg7 39. Qc3+ e5 40. Qe3 Qd4 41. Qe2 Kf6 42. Qf3+ Ke6 43. Qc6+ Qd6 44. Qc4+ Kf6 45. Qe4 Qe6 46. Kf1 Qa6+ 47. Kg1 Ke6 48. Qe3 Qc6 49. Qb3+ Qd5 50. Qb6+ Kf5 51. Qe3 f6 52. Qc3 Kg4 53. Qc1 Qd3 54. Qc6 Qf3 55. Qd7+ Qf5 56. Qd1+ Qf3 57. Qd7+ f5 58. Qe6 Kh3 59. Kf1 Qd1# 0-1


[Site "https://www.chess.com"]